 Dungeon Crawl Stone Soup version 0.28-a0-535-g6f645e4c1d (webtiles) character file.

Game seed: 10407378682485812822

105 a11behringer the Slasher (level 4, 0/37 HPs)
             Began as a Palentonga Fighter on Sept 26, 2021.
             Slain by Terence (9 damage)
             ... on level 3 of the Dungeon.
             The game lasted 00:08:10 (1968 turns).

a11behringer the Slasher (Palentonga Fighter)       Turns: 1968, Time: 00:08:11

Health: 0/37       AC:  8    Str: 25    XL:     4   Next: 53%
Magic:  4/4        EV:  7    Int:  8    God:
Gold:   71         SH:  4    Dex: 11    Spells: 3/3 levels left

rFire   + . .      SeeInvis +   a - +0 long sword
rCold   . . .      Faith    .   c - +0 buckler
rNeg    . . .      Spirit   .   b - +0 scale mail
rPois   .          Reflect  .   (no helmet)
rElec   .          Harm     .   o - +0 cloak
rCorr   .          Rampage  .   i - +0 pair of gloves
Will    .....                   (no barding)
Stlth   ..........              (no amulet)
HPRegen 0.12/turn               e - +6 ring of strength
MPRegen 0.09/turn               l - ring of protection from fire

@: no status effects
A: large, rugged brown scales 3, see invisible, deformed body, roll 1, armoured
tail
a: Rolling Charge


You were on level 3 of the Dungeon.
You visited 1 branch of the dungeon, and saw 3 of its levels.

You collected 71 gold pieces.

Inventory:

Hand Weapons
 a - a +0 long sword (weapon)
 g - a +2 dagger of protection
 p - a +3 mace
Armour
 b - a +0 scale mail (worn)
 c - a +0 buckler (worn)
 i - a +0 pair of gloves (worn)
 o - a +0 cloak (worn)
Jewellery
 e - a +6 ring of strength (left hand)
 l - a ring of protection from fire (right hand)
Wands
 m - a wand of flame (1)
Potions
 d - a potion of might
 f - a potion of flight {unknown}
 h - a potion of haste {unknown}
 j - a potion of mutation
 k - a potion of heal wounds
 n - a potion of attraction {unknown}


   Skills:
 - Level 3.0 Fighting
 * Level 4.8 Long Blades
 - Level 2.4 Armour
 - Level 2.4 Shields


You had 3 spell levels left.
You didn't know any spells.
Your spell library was empty.

Dungeon Overview and Level Annotations

Branches:
Dungeon (3/15)

Altars:

Annotations:
D:3 Terence


Innate Abilities, Weirdness & Mutations

You are completely covered in rugged brown scales. (AC +3, +7% HP)
You have supernaturally acute eyesight. (SInv)
Armour fits poorly on your strangely shaped body.
You can roll at nearby foes to attack.
You have a long armoured tail.


Message History

Terence hits you with a +4 hand axe of freezing.
Terence freezes you.
You closely miss Terence. You tail-slap Terence.
Terence is moderately wounded.
Terence barely misses you.
You closely miss Terence.
Terence is moderately wounded.
Terence hits you with a +4 hand axe of freezing.
Terence freezes you.
You closely miss Terence. You tail-slap Terence.
Terence is severely wounded.
Terence drinks a potion.
Terence is healed!
Terence hits you with a +4 hand axe of freezing.
Terence freezes you.
You hit Terence. You tail-slap Terence.
Terence is moderately wounded.
Terence hits you but does no damage.
You hit Terence but do no damage.
Your tail-slap misses Terence.
Terence is moderately wounded.
Terence closely misses you.
You barely miss Terence.
Your tail-slap misses Terence.
Terence is moderately wounded.
Terence shouts, "Get ready for death!"
Terence closely misses you.
You hit Terence but do no damage.
Terence is moderately wounded.
Terence barely misses you.
You slash Terence!
Your tail-slap misses Terence.
Terence is almost dead.
Terence hits you with a +4 hand axe of freezing.
* * * LOW HITPOINT WARNING * * *
Terence freezes you.
* * * LOW HITPOINT WARNING * * *
You closely miss Terence.
Your tail-slap misses Terence.
Terence is almost dead.
Terence hits you but does no damage.
You closely miss Terence.
Terence is almost dead.
Terence hits you with a +4 hand axe of freezing!
You die...

####.##.#
#.....#.#
#.....#.#
#.....#.#
#...:...##
#........#
#......$.#
#/.@@..#
#.#....#
#.#.#.##
#.#.#.#
#.#.# #
#.#..
#.#########
#.........#
#########.#


You could see Terence.

Vanquished Creatures
  Crazy Yiuf (D:2)
  A gnoll (D:1)
  An adder (D:2)
  A worm (D:2)
  A dart slug (D:1)
  3 endoplasms
  2 giant cockroaches
  7 goblins
  3 hobgoblins
  4 jackals (D:1)
  5 kobolds
  7 ball pythons
  10 bats
  3 frilled lizards
  3 rats
52 creatures vanquished.

Notes
Turn   | Place    | Note
-------+----------+-------------------------------------------
     0 | D:1      | a11behringer the Palentonga Fighter began the quest for the
                  | Orb.
     0 | D:1      | Reached XP level 1. HP: 19/19 MP: 1/1
   256 | D:1      | Reached XP level 2. HP: 22/25 MP: 2/2
   338 | D:1      | Reached skill level 3 in Long Blades
   546 | D:1      | Found a faded altar of an unknown god.
   554 | D:1      | Reached XP level 3. HP: 31/31 MP: 3/3
   871 | D:2      | Found a runed translucent door.
   872 | D:2      | Noticed Crazy Yiuf
   932 | D:2      | Reached skill level 4 in Long Blades
  1509 | D:2      | Reached XP level 4. HP: 37/37 MP: 4/4
  1746 | D:2      | Killed Crazy Yiuf
  1952 | D:3      | Noticed Terence
  1968 | D:3      | Slain by Terence

Illustrated notes

Levels and vault maps discovered:
D:1:      minmay_arrival_jagged, layout_basic, ebering_ecumenical_altar_mist,
          nrook_campfire
D:2:      layout_loops_corners, uniq_crazy_yiuf_cottage
D:3:      layout_basic, uniq_terence

Skill      XL: |  1  2  3 |
---------------+----------+-----
Long Blades    | 3 4 |  4.8
Fighting       | |  3.0
Armour         | |  2.4
Shields        | |  2.4

Action                   |  1- 3 |  4- 6 || total
-------------------------+-------+-------++-------
Melee: Long sword        |   108 |    25 ||   133
       Tailslap          |    12 |     6 ||    18
  Use: Scroll            |     2 |       ||     2
Armor: Scale mail        |    77 |     8 ||    85
Dodge: Dodged            |    47 |     8 ||    55
Block: Buckler           |    24 |     2 ||    26

Table legend: (Time is in decaauts)
 A = Elapsed time spent in this place.
 B = Non-inter-level travel time spent in this place.
 C = Inter-level travel time spent in this place.
 D = Time resting spent in this place.
 E = Time spent auto-exploring this place.
 F = Levels seen in this place.
 G = Mean time per level.
                   A        B        C        D        E       F      G
               +--------+--------+--------+--------+--------+-----+--------+
         Total |   1997 |   1467 |    530 |      0 |   1108 |   3 |  665.7 |
       Dungeon |   1997 |   1467 |    530 |      0 |   1108 |   3 |  665.7 |
               +--------+--------+--------+--------+--------+-----+--------+

Top non-repeatable levels by time:
     D:2: 1029 daAuts
     D:1: 864 daAuts
     D:3: 103 daAuts
